 Dungeon Crawl Stone Soup version 0.24.1-8-ga250c9d538 (webtiles) character file.

Game seed: 13032383476086252199, levelgen mode: deterministic

63 CrazyMind the Chucker (level 3, 0/30 HPs)
             Began as a Centaur Hunter on May 2, 2020.
             Slain by an adder (1 damage)
             ... on level 3 of the Dungeon.
             The game lasted 00:08:51 (2239 turns).

CrazyMind the Chucker (Centaur Hunter)              Turns: 2239, Time: 00:08:52

Health: 0/30       AC:  3    Str: 15    XL:     3   Next: 89%
Magic:  3/3        EV: 10    Int: 10    God:
Gold:   118        SH:  0    Dex:  9    Spells: 2/2 levels left

rFire    . . .     SeeInvis .   o - +3 dagger
rCold    . . .     Gourm    .   (no shield)
rNeg     . . .     Faith    .   (no armour)
rPois    .         Spirit   .   (no helmet)
rElec    .         Reflect  .   (no cloak)
rCorr    .         Harm     .   (no gloves)
MR       .....                  (no barding)
Stlth    +.........             (no amulet)
HPRegen  0.10/turn              (no ring)
MPRegen  0.08/turn              (no ring)

@: lethally poisoned (0 -> -9), very quick
A: large, hooves 3, deformed body, speed 2, tough skin 3
a: no special abilities


You were on level 3 of the Dungeon.
You were not hungry.

You visited 1 branch of the dungeon, and saw 3 of its levels.

You collected 118 gold pieces.

Inventory:

Hand Weapons
 a - a +0 short sword
 o - a +3 dagger (weapon)
Missiles
 c - 12 javelins
 d - 2 throwing nets
 g - 18 poisoned darts
 l - 21 stones (quivered)
 p - 3 silver boomerangs
Armour
 b - a +0 leather armour
 j - a +0 ring mail
 m - a +0 buckler
Scrolls
 h - 2 scrolls of fear {unknown}
 i - a scroll of teleportation {unknown}
 k - a scroll of blinking {unknown}
 n - 2 scrolls of remove curse {unknown}
 q - 2 scrolls of identify {unknown}
Potions
 e - a potion of curing {unknown}
Comestibles
 f - 8 rations


   Skills:
 + Level 2.3 Fighting
 + Level 5.5 Throwing
 + Level 0.9 Armour
 + Level 1.5 Dodging
 - Level 0.4 Stealth


You had 2 spell levels left.
You didn't know any spells.
Your spell library was empty.

Dungeon Overview and Level Annotations

Branches:
Dungeon (3/15)

Altars:


Innate Abilities, Weirdness & Mutations

You have hooves in place of feet.
Armour fits poorly on your strangely shaped body.
You cover ground very quickly.
You have extremely tough skin. (AC +3)


Message History

The adder barely misses you. The adder closely misses you.
You feel sick. The adder barely misses you. The adder bites you.
The adder bites you.
You are more poisoned.
The adder poisons you! The adder bites you but does no damage.
You feel sick. The adder closely misses you. The adder bites you.
You are more poisoned.
The adder poisons you!
You feel sick. The adder bites you. The adder bites you but does no damage.
You feel sick. The adder bites you.
* * * LOW HITPOINT WARNING * * *
You are more poisoned.
The adder poisons you! The adder bites you.
* * * LOW HITPOINT WARNING * * *
* * * LOW HITPOINT WARNING * * *
You feel sick. The adder bites you.
You die...

##...##
#.....#
#..<# ##.##
#.# #.#
##'##
##...##
#...@S#
#.......#
#..(......#
+.........+
#.........#
##.......##
##.....##
##...##


You could see an adder.

Vanquished Creatures
  An adder (D:2)
  An ooze (D:1)
  5 dart slugs
  A worm (D:2)
  3 orcs (D:2)
  4 hobgoblins
  4 jackals (D:1)
  7 bats
  A frilled lizard (D:1)
  A goblin (D:2)
  3 kobolds
  6 rats
37 creatures vanquished.

Notes
Turn   | Place    | Note
-------+----------+-------------------------------------------
     0 | D:1      | CrazyMind the Centaur Hunter began the quest for the Orb.
     0 | D:1      | Reached XP level 1. HP: 17/17 MP: 1/1
   152 | D:1      | Reached XP level 2. HP: 22/24 MP: 2/2
   193 | D:1      | Reached skill level 5 in Throwing
  1109 | D:2      | Reached XP level 3. HP: 29/29 MP: 3/3
  2239 | D:3      | HP: 1/30 [poisoned by an adder]
  2239 | D:3      | Slain by an adder

Levels and vault maps discovered:
D:1:      minmay_arrival_doors, layout_basic
D:2:      layout_basic, first_ration
D:3:      layout_loops_corners, grunt_dithmenos_smoke, uniq_robin

Skill      XL: |  1  2 |
---------------+-------+-----
Throwing       | 5 |  5.5
Fighting       | |  2.3
Armour         | |  0.9
Dodging        | |  1.5
Stealth        | |  0.4

Action                   || total
-------------------------++-------
Melee: Short sword       ||    77
       Kick              ||    23
       Dagger            ||    21
Throw: Stone             ||    27
       Dart              ||    12
       Javelin           ||     4
  Eat: Chunk             ||     3
Armor: Leather armour    ||    37
       Skin              ||     3
Dodge: Dodged            ||    56
